 Dungeon Crawl Stone Soup version 0.28.0-47-ge53b351184 (webtiles) character file.

Game seed: 17943868916629883010

23 Kangaroobicon the Skirmisher (level 2, -6/25 HPs)
             Began as a Palentonga Fighter on May 3, 2022.
             Killed from afar by a white imp (7 damage)
             ... with a puff of frost
             ... summoned by Natasha
             ... on level 2 of the Dungeon.
             The game lasted 00:04:27 (629 turns).

Kangaroobicon the Skirmisher (Palentonga Fighter)    Turns: 629, Time: 00:04:27

Health: -6/25      AC:  6    Str: 19    XL:     2   Next: 75%
Magic:  2/2        EV:  7    Int:  8    God:
Gold:   51         SH:  4    Dex:  9    Spells: 1/1 levels left

rFire   . . .      SeeInvis +   a - +0 war axe
rCold   . . .      Faith    .   c - +0 buckler
rNeg    . . .      Spirit   .   b - +0 scale mail
rPois   .          Reflect  .   (no helmet)
rElec   .          Harm     .   (no cloak)
rCorr   .          Rampage  .   (no gloves)
Will    .....                   (no barding)
Stlth   ..........              (no amulet)
HPRegen 0.08/turn               (no ring)
MPRegen 0.08/turn               (no ring)

@: no status effects
A: large, rugged brown scales 3, see invisible, deformed body, roll 1, armoured
tail
a: Rolling Charge


You were on level 2 of the Dungeon.
You visited 1 branch of the dungeon, and saw 2 of its levels.

You collected 51 gold pieces.

Inventory:

Hand Weapons
 a - a +0 war axe (weapon)
 j - a +1 vampiric spear
Missiles
 i - 19 arrows
Armour
 b - a +0 scale mail (worn)
 c - a +0 buckler (worn)
Magical Staves
 e - a staff of fire
Scrolls
 f - a scroll of teleportation {unknown}
 k - a scroll of amnesia {unknown}
Potions
 d - a potion of might
 g - a potion of mutation {unknown}
 h - a potion of heal wounds {unknown}


   Skills:
 + Level 3.3 Fighting
 + Level 2.3 Axes
 + Level 2.6 Armour
 + Level 2.6 Shields


You had one spell level left.
You didn't know any spells.
Your spell library was empty.

Dungeon Overview and Level Annotations

Branches:
Dungeon (2/15)

Altars:

Annotations:
D:2 Natasha


Innate Abilities, Weirdness & Mutations

You are completely covered in rugged brown scales. (AC +3, +7% HP)
You have supernaturally acute eyesight. (SInv)
Armour fits poorly on your strangely shaped body.
You can roll at nearby foes to attack.
You have a long armoured tail.


Message History

You barely miss the hobgoblin. The hobgoblin barely misses you.
You slash the hobgoblin!
You kill the hobgoblin!
A bat comes into view.
The bat moves out of view.
You block the bat's attack.
You slash the bat!
You kill the bat!
HP restored.
k - a scroll labelled ITAROM VIT You now have 51 gold pieces (gained 15).
Things that are here:
a +0 dagger; a hobgoblin corpse
There is a stone staircase leading down here.
You climb downwards.
Found a scroll labelled PEUSUNO OBOERO.
There is a stone staircase leading up here.
Natasha casts a spell at you. You resist with significant effort.
Natasha casts a spell at you. The magic dart hits you. Natasha claws you.
You closely miss Natasha.
Your tail-slap misses Natasha.
Natasha mumbles some strange words.
You barely miss Natasha. Natasha casts a spell at you.
You resist with significant effort. The white imp gestures at you.
The puff of frost hits you. Natasha claws you.
* * * LOW HITPOINT WARNING * * *
You barely miss Natasha. The white imp gestures at you.
The puff of frost hits you.
* * * LOW HITPOINT WARNING * * *
Natasha barely misses you.
You slash Natasha!
Natasha is severely wounded.
The white imp gestures at you. The puff of frost hits you!
You die...

..............
..............
#...........
.........#
....5...#
#...?..#
#.####...h..#
#...<...@...#
#######+#####


You could see Natasha and a white imp (summoned).

Vanquished Creatures
  A dart slug (D:1)
  2 ball pythons (D:1)
  4 bats (D:1)
  3 endoplasms (D:1)
  2 goblins (D:1)
  4 hobgoblins (D:1)
  A frilled lizard (D:1)
  A kobold (D:1)
  A rat (D:1)
19 creatures vanquished.

Notes
Turn   | Place    | Note
-------+----------+-------------------------------------------
     0 | D:1      | Kangaroobicon the Palentonga Fighter began the quest for
                  | the Orb.
     0 | D:1      | Reached XP level 1. HP: 19/19 MP: 1/1
   141 | D:1      | Reached XP level 2. HP: 14/25 MP: 2/2
   146 | D:1      | Found a faded altar of an unknown god.
   621 | D:2      | Noticed Natasha
   628 | D:2      | HP: 1/25 [white imp/puff of frost[Natasha] (4)]
   629 | D:2      | Killed from afar by a white imp

Illustrated notes

Levels and vault maps discovered:
D:1:      lemuel_arrival_room, layout_basic, hellmonk_ecumenical_altar_lost_god
D:2:      layout_basic, small_statue_intersection, uniq_crazy_yiuf_cottage,
          uniq_jessica, uniq_natasha

Action                   || total
-------------------------++-------
Melee: War axe           ||    45
       Tailslap          ||     2
Armor: Scale mail        ||    27
Dodge: Dodged            ||    15
Block: Buckler           ||     8
